 Dungeon Crawl Stone Soup version 0.28.0 (webtiles) character file.

Game seed: 11559607017009865010

79 dolemite99 the Ruffian (level 4, -9/41 HPs)
             Began as a Troll Wanderer on Feb 5, 2022.
             Was a Believer of Uskayaw.
             Mangled by Sigmund (11 damage)
             ... on level 2 of the Dungeon.
             The game lasted 00:02:06 (1288 turns).

dolemite99 the Ruffian (Troll Wanderer)             Turns: 1288, Time: 00:02:07

Health: -9/41      AC:  4    Str: 23    XL:     4   Next: 17%
Magic:  3/3        EV:  7    Int:  9    God:    Uskayaw [**....]
Gold:   72         SH:  0    Dex:  7    Spells: 4/5 levels left

rFire   . . .      SeeInvis .     - Unarmed
rCold   . . .      Faith    .   c - +0 kite shield
rNeg    . . .      Spirit   .   d - +0 robe
rPois   .          Reflect  .   (helmet restricted)
rElec   .          Harm     .   (no cloak)
rCorr   .          Rampage  .   (gloves unavailable)
Will    .....                   (boots unavailable)
Stlth   +.........              (no amulet)
HPRegen 0.93/turn               (no ring)
MPRegen 0.08/turn               (no ring)

@: confused, lethally poisoned (-9 -> -9)
A: large, unfitting armour, claws 3, regeneration 1, shaggy fur 1, tough skin 1,
talons 1, low MP 1
a: Renounce Religion, Stomp, Line Pass


You were on level 2 of the Dungeon.
You worshipped Uskayaw.
Uskayaw was noncommittal.
You visited 1 branch of the dungeon, and saw 2 of its levels.

You collected 72 gold pieces.

Inventory:

Hand Weapons
 a - a +0 hand crossbow
Missiles
 b - 49 bolts
 e - 6 poisoned darts
 f - 104 stones (quivered)
 g - 27 arrows
 m - 22 sling bullets
Armour
 c - a +0 kite shield (worn)
 d - a +0 robe (worn)
Jewellery
 j - a ring of wizardry
Scrolls
 h - a scroll of identify {unknown}
 l - a scroll of fear {unknown}
Potions
 i - a potion of ambrosia


   Skills:
 - Level 1.0 Fighting
 - Level 2.0 Crossbows
 + Level 2.1 Shields
 + Level 3.4 Unarmed Combat
 - Level 1.0 Spellcasting
 - Level 2.1 Translocations


You had 4 spell levels left.
You knew the following spells:

 Your Spells              Type           Power      Damage    Failure   Level
a - Apportation           Tloc           8%         N/A       36%         1

Your spell library contained the following spells:

 Spells                   Type           Power      Damage    Failure   Level
 Gell's Gravitas          Tloc           4%         N/A       73%         3
 Passage of Golubria      Tloc           4%         N/A       98%         4


Dungeon Overview and Level Annotations

Branches:
Dungeon (2/15)

Altars:
Uskayaw

Shops:
D:1 (   D:2 (

Annotations:
D:2 Sigmund


Innate Abilities, Weirdness & Mutations

You are too large for most types of armour.
You have claws for hands.
Your natural rate of healing is unusually fast.
You are covered in fur. (AC +1)
You have tough skin. (AC +1)
You have sharp toenails.
Your magical capacity is low. (-10% MP)


Message History

You're too confused to move!
You feel less invigorated.
You feel less confused. Something hits you. You block the adder's attack.
You block something's attack.
You miss something. The adder bites you.
You are poisoned.
The adder poisons you! The adder bites you.
You barely miss something.
You feel sick.
You hear some strange, mumbled words.
A puff of flame appears from out of thin air!
The puff of flame hits you! You block the adder's attack.
You closely miss something.
You feel sick. The adder bites you but does no damage. Something hits you.
It was a potion of mutation.
You feel extremely strange.
You feel less energetic.
Your toenails lengthen and sharpen.
You feel sick.
You are no longer poisoned.
You block the adder's attack. The adder bites you but does no damage.
You hear some strange, mumbled words.
A magic dart appears from out of thin air!
The magic dart hits you!
* * * LOW HITPOINT WARNING * * *
You scratch something. The adder completely misses you. Something hits you.
* * * LOW HITPOINT WARNING * * *
Why would you want to do that?
You barely miss something. The adder bites you.
* * * LOW HITPOINT WARNING * * *
You are poisoned.
The adder poisons you! You block the adder's attack.
Something hits you but does no damage.
You scratch something.
You feel sick. You block the adder's attack.
You claw something!
You feel sick. The adder bites you but does no damage.
You hear some strange, mumbled words.
You are confused.
The adder barely misses you.
You can now pass through a line of other dancers.
You miss the adder.
You feel sick. Something hits you but does no damage.
The adder barely misses you.
You feel sick. Something hits you!
You die...

####.≈.≈.######
......≈.≈......#
....≈≈≈.≈≈≈....#
...............+
...≈≈≈.≈≈≈....#
.....≈.≈......#
#.≈.≈.# #....S#
#...{@# #.....#
#.....# ###'###
#..######.#
##........#
###.########
#...# #.###


You could see an adder.

Vanquished Creatures
  3 adders (D:2)
  2 endoplasms
  4 giant cockroaches
  4 goblins
  9 hobgoblins
  7 jackals (D:1)
  6 kobolds
  A quokka (D:1)
  3 ball pythons (D:1)
  A bat (D:1)
  4 frilled lizards
  2 rats (D:2)
46 creatures vanquished.

Vanquished Creatures (others)
  12 plants (D:2)
12 creatures vanquished.

Grand Total: 58 creatures vanquished

Notes
Turn   | Place    | Note
-------+----------+-------------------------------------------
     0 | D:1      | dolemite99 the Troll Wanderer began the quest for the Orb.
     0 | D:1      | dolemite99 set off with the following items: a +0 hand
                  | crossbow, 25 bolts, a +0 kite shield, a +0 robe; and the
                  | following spell memorised: Apportation; and the following
                  | spells available to memorise: Gell's Gravitas, Passage of
                  | Golubria
     0 | D:1      | Reached XP level 1. HP: 19/19 MP: 1/1
    40 | D:1      | Reached skill level 1 in Unarmed Combat
   134 | D:1      | Reached XP level 2. HP: 27/27 MP: 2/2
   151 | D:1      | Reached skill level 2 in Unarmed Combat
   551 | D:1      | Reached XP level 3. HP: 33/33 MP: 3/3
   623 | D:1      | Found a faded altar of an unknown god.
   634 | D:1      | Prayed at the altar of an unknown god.
   634 | D:1      | Became a worshipper of Uskayaw the Reveller
   634 | D:1      | Reached * piety under Uskayaw
   643 | D:1      | Found Ipyilan's Antique Weapon Emporium.
   875 | D:2      | Reached skill level 3 in Unarmed Combat
   921 | D:2      | Reached ** piety under Uskayaw
  1098 | D:2      | Reached XP level 4. HP: 36/41 MP: 4/4
  1211 | D:2      | Found Idemep's Antique Weapon Boutique.
  1246 | D:2      | Noticed Sigmund
  1282 | D:2      | Gained mutation: Your magical capacity is low. (-10% MP)
                  | [potion of mutation]
  1282 | D:2      | Gained mutation: You have sharp toenails. [potion of
                  | mutation]
  1286 | D:2      | HP: 2/41 [poisoned by an adder]
  1288 | D:2      | Mangled by Sigmund

Illustrated notes

Levels and vault maps discovered:
D:1:      wander_arrival_lonely_grave, layout_loops_cross,
          ebering_ecumenical_altar_box, serial_shops, shop
D:2:      layout_loops_ring, serial_shops,
          nicolae_shop_temple_entry_statues_fountains, kennysheep_minor_cross,
          lexackson_kobold_supper, uniq_sigmund

Skill      XL: |  1  2  3 |
---------------+----------+-----
Unarmed Combat | 1 2 3 |  3.4
Shields        | 2 |  2.1
Fighting       | |  1.0
Crossbows      | |  2.0
Spellcasting   | |  1.0
Translocations | |  2.1

Action                   |  1- 3 |  4- 6 || total
-------------------------+-------+-------++-------
Melee: Unarmed           |   106 |    22 ||   128
Throw: Dart              |     7 |       ||     7
       Stone             |    28 |       ||    28
  Use: Potion            |       |     2 ||     2
Armor: Robe              |    45 |     9 ||    54
Dodge: Dodged            |    40 |     5 ||    45
Block: Kite shield       |    30 |     9 ||    39
